 Dungeon Crawl Stone Soup version 0.17-a0-1651-gae1a69f (webtiles) character file.

273 glukozy the Ducker (level 6, -1/39 HPs)
             Began as a Halfling Assassin on Aug 14, 2015.
             Was an Initiate of Dithmenos.
             Killed from afar by an electric eel (13 damage)
             ... with a bolt of electricity
             ... on level 9 of the Dungeon.
             The game lasted 00:14:19 (2890 turns).

glukozy the Ducker (Halfling Assassin)              Turns: 2890, Time: 00:14:22

Health: -1/39      AC:  3    Str: 11    XL:     6   Next: 48%
Magic:  6/6        EV: 17    Int: 11    God:    Dithmenos [......]
Gold:   136        SH:  0    Dex: 17    Spells: 0 memorised, 5 levels left

rFire  . . .     SeeInvis .     e - +1 falchion (elec)
rCold  . . .     Clarity  .     c - +0 robe
rNeg   . . .     SustAt   .     (shield restricted)
rPois  .         Gourm    .     (no helmet)
rElec  .         Spirit   .     m - +0 cloak
rCorr  .         Warding  .     (no gloves)
rMut   .         Stasis   .     (no boots)
MR     .....                    (no amulet)
Stlth  +++.......               (no ring)
                                s - ring of flight

@: very slightly contaminated, not resistant to hostile enchantments, fairly
stealthy
A: mutation resistance 1
a: Renounce Religion, Evoke Flight


You were on level 9 of the Dungeon.
You worshipped Dithmenos.
Dithmenos was noncommittal.
You were hungry.

You visited 2 branches of the dungeon, and saw 8 of its levels.

You collected 136 gold pieces.

Inventory:

Hand weapons
 a - a +2 dagger
 b - a +0 blowgun
 e - a +1 falchion of electrocution (weapon)
 j - a +0 hunting sling
 x - a +0 rapier
Missiles
 n - 58 stones (quivered)
 t - 17 sling bullets
Armour
 c - a +0 robe (worn)
 d - a +0 cloak
 m - a +0 cloak (worn)
 p - a +0 helmet
Jewellery
 s - a ring of flight (left hand)
Scrolls
 k - a scroll of magic mapping {unknown}
 l - 3 scrolls of remove curse {unknown}
 r - a scroll of enchant weapon {unknown}
 u - a scroll of identify {unknown}
 v - 2 scrolls of teleportation {unknown}
 y - a scroll of fear {unknown}
 z - a scroll of amnesia {unknown}
Potions
 i - a potion of curing
 w - a potion of resistance {unknown}
Comestibles
 f - 3 chunks of flesh
 g - a bread ration
 h - a meat ration
 o - 2 slices of pizza


   Skills:
 - Level 1.7 Fighting
 - Level 3.8 Short Blades
 + Level 3.0(4.3) Slings
 + Level 4.4(4.8) Throwing
 + Level 4.8 Dodging
 - Level 4.3 Stealth


You had 5 spell levels left.
You didn't know any spells.

Dungeon Overview and Level Annotations

Branches:
Dungeon (9/15)             Temple (1/1) D:6
   Lair: D:8-11         Orc: D:9-12

Altars:
Ashenzari
Cheibriados
Dithmenos
Gozag
Kikubaaqudgha
Okawaru
Vehumet
Yredelemnul
The Shining One


Innate Abilities, Weirdness & Mutations

You are small and have problems with some larger weapons.
You are somewhat resistant to further mutation.


Message History

A sky beast appears from thin air!
Reactivating autopickup.
You are feeling hungry.
Your extra speed is starting to run out.
You open the door.
Found a scroll labeled GULITUTREHI and a helmet.
You feel yourself slow down.
There is an open door here.
You see here a helmet.
p - a helmet You fall through a shaft for 3 floors!
The shaft crumbles and collapses.
Found 14 gold pieces.
A hippogriff, a giant frog and an electric eel come into view.
The giant frog gives a loud, deep croak!
The hippogriff screeches!
You hear a shout!
The electric eel shoots out a bolt of lightning at you!
The bolt of electricity hits the plant. x2
The bolt of electricity hits you!
You die...

≈≈≈≈≈o..;
P≈PP...≈P
H≈≈≈≈...P
≈≈≈≈≈..$♣#
≈≈P≈P....#
≈≈≈....# #
♣.F..#.#.#
#@.....#
#...####
♣.......#
......#...#
#######...#
.....
#..### #..#
#..#


You could see a hippogriff, a giant frog, an electric eel and an orc.

Vanquished Creatures
  A black bear (D:6)
  An orc priest (D:4)
  2 orc wizards (D:6)
  A worker ant (D:4)
  2 adders (D:2)
  A worm (D:2)
  4 giant geckos
  6 orcs
  6 goblins
  8 hobgoblins
  3 quokkas
  A ball python (D:1)
  2 bats
  A giant gecko zombie (D:6)
  4 giant newts
  5 kobolds
  A quokka skeleton (D:4)
  5 rats
54 creatures vanquished.

Notes
Turn   | Place    | Note
--------------------------------------------------------------
     0 | D:1      | glukozy the Halfling Assassin began the quest for the Orb.
     0 | D:1      | Reached XP level 1. HP: 14/14 MP: 1/1
   240 | D:1      | Reached XP level 2. HP: 19/19 MP: 2/2
   519 | D:1      | Reached XP level 3. HP: 11/24 MP: 3/3
   725 | D:2      | You fall through a shaft!
   725 | D:3      | Found a shattered altar of Ashenzari.
  1163 | D:2      | Reached XP level 4. HP: 29/29 MP: 4/4
  1296 | D:2      | You fall through a shaft!
  1473 | D:4      | Reached skill level 1 in Slings
  1542 | D:4      | Reached XP level 5. HP: 14/34 MP: 5/5
  1559 | D:5      | Entered Level 5 of the Dungeon
  1707 | D:5      | Noticed a sky beast
  1745 | D:6      | Noticed a black bear
  1746 | D:6      | Killed a black bear
  1746 | D:6      | Reached XP level 6. HP: 5/39 MP: 6/6
  2270 | D:6      | Found a staircase to the Ecumenical Temple.
  2276 | Temple   | Entered the Ecumenical Temple
  2351 | Temple   | Became a worshipper of Dithmenos the Shadowed
  2439 | D:6      | Noticed a sky beast
  2889 | D:6      | You fall through a shaft for 3 floors!
  2890 | D:9      | Noticed a hippogriff
  2890 | D:9      | Killed from afar by an electric eel

Vault maps used:
D:1:      lightli_arrival_boilingwater
D:2:      gammafunk_temple_overflow_statue
D:3:      overflow_temple_1_default, uniq_terence
D:4:      old_forge, nicolae_overflow_crystal_walls, serial_shops,
          nicolae_shop_crystal
D:5:      serial_shops, kennysheep_mini, first_bread, uniq_prince_ribbit1
D:6:      grunt_temple_overflow_open, temple_green, grunt_ministairs_4,
          okawaru_altar_gauntlet_db
D:9:      grunt_temple_overflow_order_and_chaos_2, lair_0_dummy, special_room,
          blue_anna_alchemist, serial_bayou_ford_a
Temple:   minmay_temple_bridge_d_8

Action                   |  1- 3 |  4- 6 || total
-------------------------+-------+-------++-------
Melee: Dagger            |   100 |    48 ||   148
       Falchion          |       |    32 ||    32
 Fire: Blowgun           |     5 |    14 ||    19
       Hunting sling     |       |    21 ||    21
  Use: Potion            |       |     4 ||     4
 Stab: Sleeping          |     8 |     4 ||    12
  Eat: Chunk             |     1 |     3 ||     4
       Royal jelly       |       |     1 ||     1
